 Dungeon Crawl Stone Soup version 0.29-a0-613-gf2c431b9b9 (console) character file.

Game seed: 3340041839481810542

182 om the Slasher (level 5, -1/42 HPs)
             Began as a Merfolk Berserker on June 16, 2022.
             Was a Believer of Trog.
             Slain by a river rat (5 damage)
             ... summoned by Eustachio
             ... on level 4 of the Dungeon.
             The game lasted 00:06:05 (3605 turns).

om the Slasher (Merfolk Berserker)                  Turns: 3605, Time: 00:06:06

Health: -1/42      AC:  4    Str: 17    XL:     5   Next: 61%
Magic:  5/5        EV: 18    Int:  6    God:    Trog [**....]
Gold:   184        SH:  0    Dex: 16    Spells: 4/4 levels left

rFire   . . .      SeeInvis .   a - +1 falchion
rCold   . . .      Faith    .   (no shield)
rNeg    . . .      Spirit   .   g - +0 animal skin
rPois   .          Reflect  .   (no helmet)
rElec   .          Harm     .   d - +1 cloak
rCorr   .          Rampage  .   (no gloves)
Will    +....                   (no boots)
Stlth   +.........              (no amulet)
HPRegen 0.14/turn               l - ring of willpower
MPRegen 0.09/turn               q - +4 ring of evasion

@: on berserk cooldown, slowed, very slow
A: (nimble swimmer 2), mertail
a: Renounce Religion, Berserk, Trog's Hand


You were on level 4 of the Dungeon.
You worshipped Trog.
Trog was pleased with you.
You visited 1 branch of the dungeon, and saw 4 of its levels.

You collected 184 gold pieces.

Inventory:

Hand Weapons
 a - a +1 falchion (weapon)
 b - a +0 hunting sling
Armour
 d - a +1 cloak (worn)
 g - a +0 animal skin (worn)
Jewellery
 k - a +6 ring of intelligence
 l - a ring of willpower (left hand)
 q - a +4 ring of evasion (right hand)
Scrolls
 c - a scroll of fear
 m - a scroll of acquirement {unknown}
 r - a scroll of teleportation {unknown}
 s - a scroll of identify {unknown}
Potions
 e - a potion of degeneration {unknown}
 f - a potion of attraction {unknown}
 h - a potion of curing
 i - 2 potions of might {unknown}
 j - a potion of resistance
 n - a potion of invisibility {unknown}
 o - a potion of heal wounds {unknown}
 p - a potion of brilliance {unknown}


   Skills:
 - Level 4.0 Fighting
 * Level 5.5 Long Blades
 + Level 2.3 Armour
 + Level 4.1 Dodging


You had 4 spell levels left.
You didn't know any spells.
Your spell library was empty.

Dungeon Overview and Level Annotations

Branches:
Dungeon (4/15)
 Temple: D:4-7

Altars:
Dithmenos
Sif Muna

Annotations:
D:4 Eustachio


Innate Abilities, Weirdness & Mutations

((You are very nimble when in or above water. (Stealth+, EV+, Speed+++)))
Your lower body shifts to a powerful aquatic tail in water.


Message History

You slash Eustachio!
Eustachio is severely wounded.
The bat completely misses you. The bat barely misses you.
The bat closely misses you. The quokka misses you.
The quasit closely misses you. The quasit misses you. The quasit claws you.
You closely miss Eustachio.
Eustachio is severely wounded.
The bat closely misses you.
Eustachio casts a spell.
The orc closely misses you. x2; The orc barely misses you.
The quokka closely misses you. The bat hits you but does no damage.
The quasit misses you. The quasit claws you.
The quasit claws you but does no damage.
You hit Eustachio.
Eustachio is almost dead.
You are no longer berserk.
You are exhausted.
You feel yourself slow down. The bat barely misses you.
The orc completely misses you. The orc closely misses you.
Eustachio mumbles some strange words.
Eustachio blinks!
The quokka bites you but does no damage.
The quasit bites you but does no damage.
The quasit misses you.
The quasit claws you but does no damage.
You hit the orc but do no damage.
The bat barely misses you. x2; The quasit bites you.
The quasit barely misses you. x2; The quokka completely misses you.
The orc closely misses you. The orc hits you with a +0 hand axe.
The river rat barely misses you. The quasit completely misses you.
The quasit closely misses you. x2
You hit the orc.
The orc is moderately wounded.
The bat completely misses you. The quokka bites you.
The ufetubus completely misses you. The ufetubus hits you. The orc misses you.
The orc wizard completely misses you. The orc completely misses you.
Eustachio mumbles some strange words.
Eustachio blinks!
The quasit misses you. The quasit closely misses you.
The quasit barely misses you. The quokka bites you.
* * * LOW HITPOINT WARNING * * *
The river rat barely misses you.
The ufetubus closely misses you. x2; The orc closely misses you.
The orc hits you with a +0 hand axe.
* * * LOW HITPOINT WARNING * * *
The orc wizard misses you. The quasit misses you.
The quasit claws you but does no damage.
The quasit completely misses you.
You hit the orc but do no damage.
The orc is moderately wounded.
The ufetubus barely misses you. The ufetubus hits you.
* * * LOW HITPOINT WARNING * * *
The bat barely misses you. The quokka barely misses you.
The river rat bites you.
You die...

..> ...... .. ..........
... ....####.##......
..# ....+........$ ..
..# ....##....... .##..
....##.#....### ...#
....##......b.###..#
.......#.......rb5.#.#
....#<.#......5r@o...#
.......#....#.#o5o.###
....#.....#.#...o......
....#####...#.##..#.#..#
....# #####..........#
....# #.##..###..# ...)#
#.##... #.# #####
#....... .#


You could see an iron imp (summoned), an orc wizard, a quasit (summoned), a
river rat (summoned), 3 orcs, an ufetubus (summoned), a quokka (summoned) and 2
bats.

Vanquished Creatures
  An ogre (D:4)
  3 gnolls (D:2)
  2 adders
  5 ball pythons
  6 endoplasms
  3 giant cockroaches
  2 hobgoblins
  4 jackals (D:1)
  6 kobolds
  A quokka (D:3)
  6 bats
  4 frilled lizards
  7 goblins
  3 rats
53 creatures vanquished.

Notes
Turn   | Place    | Note
-------+----------+-------------------------------------------
     0 | D:1      | om the Merfolk Berserker began the quest for the Orb.
     0 | D:1      | Reached XP level 1. HP: 18/18 MP: 1/1
   526 | D:1      | Reached XP level 2. HP: 24/24 MP: 2/2
   565 | D:1      | Reached skill level 4 in Long Blades
  1117 | D:1      | Reached XP level 3. HP: 24/29 MP: 3/3
  2058 | D:2      | Reached ** piety under Trog
  2778 | D:2      | Reached XP level 4. HP: 25/37 MP: 4/4
  3090 | D:3      | Identified the +1 robe of Potitorgh {rPois rC- rN+++ Str-5}
  3185 | D:3      | Found a shadowy altar of Dithmenos.
  3431 | D:3      | Found a shimmering blue altar of Sif Muna.
  3539 | D:3      | Found a faded altar of an unknown god.
  3573 | D:4      | Noticed Eustachio
  3579 | D:4      | Noticed an ogre
  3594 | D:4      | Killed an ogre
  3595 | D:4      | Reached skill level 5 in Long Blades
  3595 | D:4      | Reached XP level 5. HP: 42/42 MP: 5/5
  3605 | D:4      | Slain by a river rat

Illustrated notes

Levels and vault maps discovered:
D:1:      erik_arrival_triangle_medium, layout_loops_corners, bh_walls_and_bars
D:2:      layout_basic
D:3:      layout_basic, mainiacjoe_overflow_swirl,
          dreamdust_ecumenical_altar_hidden_monk_grotto,
          minmay_misc_feat_encased, chequers_big_river, nrook_mini_vaults,
          feat_on_display
D:4:      layout_basic, uniq_eustachio

Skill      XL: |  1  2  3  4 |
---------------+-------------+-----
Long Blades    | 4 5 |  5.5
Dodging        | 3 4 |  4.1
Armour         | 2 |  2.3
Fighting       | 4 |  4.0

Action                   |  1- 3 |  4- 6 || total
-------------------------+-------+-------++-------
Melee: Falchion          |   149 |    46 ||   195
 Fire: Hunting sling     |    13 |       ||    13
Invok: Berserk           |     1 |     2 ||     3
  Use: Scroll            |     4 |     3 ||     7
       Potion            |     2 |       ||     2
 Stab: Sleeping          |     2 |       ||     2
Armor: Animal skin       |    34 |    22 ||    56
Dodge: Dodged            |   104 |   117 ||   221

Table legend: (Time is in decaauts)
 A = Elapsed time spent in this place.
 B = Non-inter-level travel time spent in this place.
 C = Inter-level travel time spent in this place.
 D = Time resting spent in this place.
 E = Time spent auto-exploring this place.
 F = Levels seen in this place.
 G = Mean time per level.
                   A        B        C        D        E       F      G
               +--------+--------+--------+--------+--------+-----+--------+
         Total |   3623 |   3515 |    108 |    270 |   2657 |   4 |  905.8 |
       Dungeon |   3623 |   3515 |    108 |    270 |   2657 |   4 |  905.8 |
               +--------+--------+--------+--------+--------+-----+--------+

Top non-repeatable levels by time:
     D:1: 1605 daAuts
     D:2: 1467 daAuts
     D:3: 514 daAuts
     D:4: 36 daAuts
